 Dungeon Crawl Stone Soup version 0.31.0-11-ge490571c62 (webtiles) character file.

Game seed: 5929890948543579172

826 jagang the Slasher (level 7, 0/55 HPs)
             Began as a Human Monk on Feb 7, 2024.
             Succumbed to a scorpion's poison
             ... on level 5 of the Dungeon.
             The game lasted 00:07:15 (4011 turns).

jagang the Slasher (Human Monk)                     Turns: 4011, Time: 00:07:16

Health: 0/55       AC: 12    Str: 12    XL:     7   Next: 96%
Magic:  7/7        EV: 12    Int: 10    God:
Gold:   109        SH:  0    Dex: 17    Spells: 6/6 levels left

rFire   . . .        a - +0 falchion
rCold   . . .        d - orb {light}
rNeg    . . .        A - +0 chain mail
rPois   .            l - +2 helmet
rElec   .            (no cloak)
rCorr   .            (no gloves)
SInv    .            (no boots)
Will    .....        (no amulet)
Stlth   x              - +5 ring of evasion
HPRegen 0.29/turn    (no ring)
MPRegen 0.10/turn

%: no passive effects
@: mighty, lethally poisoned (0 -> -2), on berserk cooldown, slowed, glowing,
very slow
A: explore regen
a: no special abilities


You were on level 5 of the Dungeon.
You visited 1 branch of the dungeon, and saw 5 of its levels.

You collected 175 gold pieces.
You spent 66 gold pieces at shops.

Inventory:

Hand Weapons
 a - a +0 falchion (weapon)
 y - a +4 short sword
Missiles
 e - 8 boomerangs (quivered)
 n - 15 poisoned darts
Armour
 d - an orb of light (worn)
 l - a +2 helmet (worn)
 A - a +0 chain mail (worn)
Jewellery
 x - a +5 ring of evasion (left hand)
Wands
 p - a wand of acid (4)
Scrolls
 h - a scroll of immolation
 j - a scroll of torment
 k - a scroll of teleportation
 o - 2 scrolls of noise
 v - a scroll of enchant armour
 w - a scroll of vulnerability {unknown}
 z - 2 scrolls of silence {unknown}
Potions
 b - a potion of haste {unknown}
 c - a potion of ambrosia
 i - a potion of degeneration {unknown}
 m - a potion of enlightenment
 r - 2 potions of might
 t - a potion of brilliance {unknown}


   Skills:
 + Level 4.5 Fighting
 * Level 5.8 Long Blades
 + Level 3.0 Throwing
 * Level 4.8 Armour
 - Level 3.0 Dodging


You had 6 spell levels left.
You didn't know any spells.
Your spell library contained the following spells:

 Spells                   Type           Power      Damage    Failure   Level
 Lesser Beckoning         Tloc           0%         N/A       100%        2
 Gell's Gravitas          Tloc           0%         N/A       100%        3
 Teleport Other           Tloc           0%         N/A       100%        3


Dungeon Overview and Level Annotations

Branches:
Dungeon (5/15)
 Temple: D:4-7

Altars:
Hepliaklqana

Shops:
D:2 ?


Innate Abilities, Weirdness & Mutations

You regain HP and MP as you explore.


Message History

The scorpion closely misses you.
Blink to where?
Press: ? - help, Dir - move target
As you read the scroll of blinking, it crumbles to dust.
* * * LOW HITPOINT WARNING * * *
You feel very sick.
Okay, then.
It was a potion of might.
You feel very mighty all of a sudden.
* * * LOW HITPOINT WARNING * * *
You feel sick.
It was a potion of berserk rage.
A red film seems to cover your vision as you go berserk!
You feel yourself moving faster!
You feel mighty!
* * * LOW HITPOINT WARNING * * *
You feel sick.
You are too berserk!
You hit the scorpion.
The scorpion is almost dead.
* * * LOW HITPOINT WARNING * * *
You feel sick.
The scorpion stings you but does no damage.
You hit the scorpion but do no damage.
The scorpion is almost dead.
* * * LOW HITPOINT WARNING * * *
You feel sick.
You slash the scorpion!
You kill the scorpion!
Your Throwing skill increases to level 3!
* * * LOW HITPOINT WARNING * * *
You feel sick.
You are too berserk!
You are too berserk!
You feel a strong urge to attack something.
* * * LOW HITPOINT WARNING * * *
You feel sick.
You feel your anger nearly subside.
You are no longer berserk.
You are exhausted.
You feel yourself slow down.
You die...

....# #.....# ##.#........# #.
....# #.##### #...........# #.
....###.##########.....#######
#. .#####...........'.....# #.
.#####.###.#######.....# #[
....##.###.#######.....# #.
###..#..).......######## ##.
##............## ###..
######.......@# ##...#
#...##.#†.## #..###
#..#.......## #.##
#......###..# #.# ....#...#
##.## ###.# .. #...# #..###
##...# #...# ##.†.# #..###
....# ###.###.## ..#.##
#.....#


There were no monsters in sight!

Vanquished Creatures
  Sigmund (D:5)
  A phantom (D:5)
  3 scorpions (D:5)
  A jelly (D:5)
  2 hounds
  2 orc priests
  4 orc wizards
  3 gnolls (D:4)
  3 adders
  A white imp (D:5)
  A ribbon worm (D:2)
  16 orcs
  4 ball pythons (D:2)
  4 endoplasms
  3 giant cockroaches
  6 goblins
  5 hobgoblins
  5 quokkas
  5 bats
  6 frilled lizards
  5 kobolds
  6 rats
87 creatures vanquished.

Notes
Turn   | Place    | Note
-------+----------+-------------------------------------------
     0 | D:1      | jagang the Human Monk began the quest for the Orb.
     0 | D:1      | Reached XP level 1. HP: 18/18 MP: 1/1
   200 | D:1      | Reached XP level 2. HP: 23/24 MP: 2/2
   298 | D:1      | Reached skill level 1 in Armour
   921 | D:2      | Reached XP level 3. HP: 22/29 MP: 3/3
  1295 | D:2      | Identified the +3 robe of the Stonemason {Harm Dex+4}
  1806 | D:2      | Found Jarekk's Magic Scroll Shop.
  1809 | D:2      | Bought a scroll of identify for 22 gold pieces
  1809 | D:2      | Bought a scroll of fear for 44 gold pieces
  1903 | D:3      | Reached XP level 4. HP: 29/35 MP: 4/4
  2008 | D:3      | Reached skill level 1 in Throwing
  2225 | D:3      | Reached skill level 4 in Long Blades
  2225 | D:3      | Reached XP level 5. HP: 33/41 MP: 5/5
  2823 | D:4      | Reached XP level 6. HP: 38/48 MP: 6/6
  2972 | D:4      | Found a hazy altar of Hepliaklqana.
  3605 | D:5      | Entered Level 5 of the Dungeon
  3615 | D:5      | Noticed Sigmund
  3637 | D:5      | Reached skill level 5 in Long Blades
  3663 | D:5      | Killed Sigmund
  3664 | D:5      | Reached XP level 7. HP: 46/54 MP: 7/7
  4004 | D:5      | HP: 3/82 [poisoned by a scorpion]
  4008 | D:5      | HP: 1/82 [poisoned by a scorpion]
  4011 | D:5      | Succumbed to a scorpion's poison

Illustrated notes

Levels and vault maps discovered:
D:1:      ncdulo_wetmaze, layout_loops_ring
D:2:      layout_loops_corners, serial_shops, nicolae_shop_rolled_up,
          grunt_ministairs_2
D:3:      layout_basic
D:4:      layout_basic, mainiacjoe_overflow_cross_hatched
D:5:      layout_basic, uniq_sigmund, uniq_menkaure

Skill      XL: |  1  2  3  4  5  6  7 |
---------------+----------------------+-----
Armour         | 1 2 3 4 |  4.8
Throwing       | 1 2 3 |  3.0
Long Blades    | 4 5 |  5.8
Fighting       | 4 |  4.5
Dodging        | |  3.0

Action                     |  1- 3 |  4- 6 |  7- 9 || total
---------------------------+-------+-------+-------++-------
  Melee: Falchion          |    90 |   171 |    50 ||   311
  Throw: Boomerang         |     4 |       |       ||     4
    Use: Scroll            |     5 |     3 |     1 ||     9
         Potion            |       |       |     2 ||     2
 Armour: Robe              |     5 |       |       ||     5
         Ring mail         |    50 |    94 |       ||   144
         Chain mail        |       |    19 |    32 ||    51
  Dodge: Dodged            |    43 |   139 |    28 ||   210
